Workbook
Name Categorias: Configuracion!$K$6:$K$22
Name Cuentas: Configuracion!$F$5:$F$8
Name Grupos: Configuracion!$E$5:$E$8
Name Medios: Configuracion!$G$5:$G$9
Name Meses: Configuracion!$H$2:$H$13
Name Tipos: Configuracion!$D$5:$D$6

Sheet Panel
A1: Contabilidad doméstica
A2: Panel de control con KPIs mensuales, evolución anual y reparto 50/30/20.
A4: Año | B4: =Configuracion!B5 -> 2026 | H4: KPIs del año | K4: Regla 50/30/20 (mes)
A5: Mes | B5: =Configuracion!B6 -> abril | H5: Ingresos año | I5: =SUMIFS(Movimientos!$H$4:$H$500,Movimientos!$B$4:$B$500,"Ingreso",Movimientos!$A$4:$A$500,">="&DATE($B$4,1,1),Movimientos!$A$4:$A$500,"<="&DATE($B$4,12,31)) -> 10846 | K5: Grupo | L5: Real | M5: Objetivo | N5: Dif. pp
H6: Gastos año | I6: =SUMIFS(Movimientos!$H$4:$H$500,Movimientos!$C$4:$C$500,"Necesidad",Movimientos!$A$4:$A$500,">="&DATE($B$4,1,1),Movimientos!$A$4:$A$500,"<="&DATE($B$4,12,31))+SUMIFS(Movimientos!$H$4:$H$500,Movimientos!$C$4:$C$500,"Deseo",Movimientos!$A$4:$A$500,">="&DATE($B$4,1,1),Movimientos!$A$4:$A$500,"<="&DATE($B$4,12,31)) -> 6334 | K6: Necesidad | L6: =IF($A$9=0,"",$C$9/$A$9) -> 0.50121824 | M6: =Configuracion!$B$7 -> 0.5 | N6: =L6-M6 -> 0.0012182388
H7: Ahorro año | I7: =SUMIFS(Movimientos!$H$4:$H$500,Movimientos!$C$4:$C$500,"Ahorro",Movimientos!$A$4:$A$500,">="&DATE($B$4,1,1),Movimientos!$A$4:$A$500,"<="&DATE($B$4,12,31)) -> 1550 | K7: Deseo | L7: =IF($A$9=0,"",$E$9/$A$9) -> 0.061608075 | M7: =Configuracion!$B$8 -> 0.3 | N7: =L7-M7 -> -0.23839192
A8: Ingresos del mes | C8: Necesidades | E8: Deseos | H8: Balance año | I8: =I5-I6-I7 -> 2962 | K8: Ahorro | L8: =IF($A$9=0,"",$A$13/$A$9) -> 0.13574661 | M8: =Configuracion!$B$9 -> 0.2 | N8: =L8-M8 -> -0.064253394
A9: =SUMIFS(Movimientos!$H$4:$H$500,Movimientos!$B$4:$B$500,"Ingreso",Movimientos!$A$4:$A$500,">="&DATE($B$4,MATCH($B$5,Configuracion!$H$2:$H$13,0),1),Movimientos!$A$4:$A$500,"<="&EOMONTH(DATE($B$4,MATCH($B$5,Configuracion!$H$2:$H$13,0),1),0)) -> 2873 | C9: =SUMIFS(Movimientos!$H$4:$H$500,Movimientos!$C$4:$C$500,"Necesidad",Movimientos!$A$4:$A$500,">="&DATE($B$4,MATCH($B$5,Configuracion!$H$2:$H$13,0),1),Movimientos!$A$4:$A$500,"<="&EOMONTH(DATE($B$4,MATCH($B$5,Configuracion!$H$2:$H$13,0),1),0)) -> 1440 | E9: =SUMIFS(Movimientos!$H$4:$H$500,Movimientos!$C$4:$C$500,"Deseo",Movimientos!$A$4:$A$500,">="&DATE($B$4,MATCH($B$5,Configuracion!$H$2:$H$13,0),1),Movimientos!$A$4:$A$500,"<="&EOMONTH(DATE($B$4,MATCH($B$5,Configuracion!$H$2:$H$13,0),1),0)) -> 177 | H9: Fondo emergencia | I9: =MIN(1,I7/Configuracion!$B$10) -> 0.25833333
A12: Ahorro aportado | C12: Balance del mes | E12: Tasa de ahorro | H12: Control rápido
A13: =SUMIFS(Movimientos!$H$4:$H$500,Movimientos!$C$4:$C$500,"Ahorro",Movimientos!$A$4:$A$500,">="&DATE($B$4,MATCH($B$5,Configuracion!$H$2:$H$13,0),1),Movimientos!$A$4:$A$500,"<="&EOMONTH(DATE($B$4,MATCH($B$5,Configuracion!$H$2:$H$13,0),1),0)) -> 390 | C13: =A9-C9-E9-A13 -> 866 | E13: =IF(A9=0,"",A13/A9) -> 0.13574661 | H13: Objetivos 100% | I13: =Configuracion!C10 -> OK
H14: Movs sin categoría | I14: =COUNTIFS(Movimientos!$H$4:$H$500,">0",Movimientos!$D$4:$D$500,"") -> 0
A16: Uso rápido
A17: 1) Ajusta el año, mes y objetivos en Configuración. 2) Añade nuevos movimientos en la hoja Movimientos. 3) Edita el presupuesto mensual en azul.
A20: Mes | B20: Ingresos | C20: Necesidades | D20: Deseos | E20: Ahorro | F20: Balance | H20: Categoría | I20: Gasto año
A21: enero | B21: =SUMIFS(Movimientos!$H$4:$H$500,Movimientos!$B$4:$B$500,"Ingreso",Movimientos!$A$4:$A$500,">="&DATE($B$4,ROW()-20,1),Movimientos!$A$4:$A$500,"<="&EOMONTH(DATE($B$4,ROW()-20,1),0)) -> 2646 | C21: =SUMIFS(Movimientos!$H$4:$H$500,Movimientos!$C$4:$C$500,"Necesidad",Movimientos!$A$4:$A$500,">="&DATE($B$4,ROW()-20,1),Movimientos!$A$4:$A$500,"<="&EOMONTH(DATE($B$4,ROW()-20,1),0)) -> 1380 | D21: =SUMIFS(Movimientos!$H$4:$H$500,Movimientos!$C$4:$C$500,"Deseo",Movimientos!$A$4:$A$500,">="&DATE($B$4,ROW()-20,1),Movimientos!$A$4:$A$500,"<="&EOMONTH(DATE($B$4,ROW()-20,1),0)) -> 137 | E21: =SUMIFS(Movimientos!$H$4:$H$500,Movimientos!$C$4:$C$500,"Ahorro",Movimientos!$A$4:$A$500,">="&DATE($B$4,ROW()-20,1),Movimientos!$A$4:$A$500,"<="&EOMONTH(DATE($B$4,ROW()-20,1),0)) -> 380 | F21: =B21-C21-D21-E21 -> 749 | H21: Vivienda | I21: =SUMIFS(Movimientos!$H$4:$H$500,Movimientos!$D$4:$D$500,H21,Movimientos!$A$4:$A$500,">="&DATE($B$4,1,1),Movimientos!$A$4:$A$500,"<="&DATE($B$4,12,31)) -> 3560
A22: febrero | B22: =SUMIFS(Movimientos!$H$4:$H$500,Movimientos!$B$4:$B$500,"Ingreso",Movimientos!$A$4:$A$500,">="&DATE($B$4,ROW()-20,1),Movimientos!$A$4:$A$500,"<="&EOMONTH(DATE($B$4,ROW()-20,1),0)) -> 2700 | C22: =SUMIFS(Movimientos!$H$4:$H$500,Movimientos!$C$4:$C$500,"Necesidad",Movimientos!$A$4:$A$500,">="&DATE($B$4,ROW()-20,1),Movimientos!$A$4:$A$500,"<="&EOMONTH(DATE($B$4,ROW()-20,1),0)) -> 1425 | D22: =SUMIFS(Movimientos!$H$4:$H$500,Movimientos!$C$4:$C$500,"Deseo",Movimientos!$A$4:$A$500,">="&DATE($B$4,ROW()-20,1),Movimientos!$A$4:$A$500,"<="&EOMONTH(DATE($B$4,ROW()-20,1),0)) -> 164 | E22: =SUMIFS(Movimientos!$H$4:$H$500,Movimientos!$C$4:$C$500,"Ahorro",Movimientos!$A$4:$A$500,">="&DATE($B$4,ROW()-20,1),Movimientos!$A$4:$A$500,"<="&EOMONTH(DATE($B$4,ROW()-20,1),0)) -> 380 | F22: =B22-C22-D22-E22 -> 731 | H22: Suministros | I22: =SUMIFS(Movimientos!$H$4:$H$500,Movimientos!$D$4:$D$500,H22,Movimientos!$A$4:$A$500,">="&DATE($B$4,1,1),Movimientos!$A$4:$A$500,"<="&DATE($B$4,12,31)) -> 343
A23: marzo | B23: =SUMIFS(Movimientos!$H$4:$H$500,Movimientos!$B$4:$B$500,"Ingreso",Movimientos!$A$4:$A$500,">="&DATE($B$4,ROW()-20,1),Movimientos!$A$4:$A$500,"<="&EOMONTH(DATE($B$4,ROW()-20,1),0)) -> 2627 | C23: =SUMIFS(Movimientos!$H$4:$H$500,Movimientos!$C$4:$C$500,"Necesidad",Movimientos!$A$4:$A$500,">="&DATE($B$4,ROW()-20,1),Movimientos!$A$4:$A$500,"<="&EOMONTH(DATE($B$4,ROW()-20,1),0)) -> 1407 | D23: =SUMIFS(Movimientos!$H$4:$H$500,Movimientos!$C$4:$C$500,"Deseo",Movimientos!$A$4:$A$500,">="&DATE($B$4,ROW()-20,1),Movimientos!$A$4:$A$500,"<="&EOMONTH(DATE($B$4,ROW()-20,1),0)) -> 204 | E23: =SUMIFS(Movimientos!$H$4:$H$500,Movimientos!$C$4:$C$500,"Ahorro",Movimientos!$A$4:$A$500,">="&DATE($B$4,ROW()-20,1),Movimientos!$A$4:$A$500,"<="&EOMONTH(DATE($B$4,ROW()-20,1),0)) -> 400 | F23: =B23-C23-D23-E23 -> 616 | H23: Alimentación | I23: =SUMIFS(Movimientos!$H$4:$H$500,Movimientos!$D$4:$D$500,H23,Movimientos!$A$4:$A$500,">="&DATE($B$4,1,1),Movimientos!$A$4:$A$500,"<="&DATE($B$4,12,31)) -> 1105
A24: abril | B24: =SUMIFS(Movimientos!$H$4:$H$500,Movimientos!$B$4:$B$500,"Ingreso",Movimientos!$A$4:$A$500,">="&DATE($B$4,ROW()-20,1),Movimientos!$A$4:$A$500,"<="&EOMONTH(DATE($B$4,ROW()-20,1),0)) -> 2873 | C24: =SUMIFS(Movimientos!$H$4:$H$500,Movimientos!$C$4:$C$500,"Necesidad",Movimientos!$A$4:$A$500,">="&DATE($B$4,ROW()-20,1),Movimientos!$A$4:$A$500,"<="&EOMONTH(DATE($B$4,ROW()-20,1),0)) -> 1440 | D24: =SUMIFS(Movimientos!$H$4:$H$500,Movimientos!$C$4:$C$500,"Deseo",Movimientos!$A$4:$A$500,">="&DATE($B$4,ROW()-20,1),Movimientos!$A$4:$A$500,"<="&EOMONTH(DATE($B$4,ROW()-20,1),0)) -> 177 | E24: =SUMIFS(Movimientos!$H$4:$H$500,Movimientos!$C$4:$C$500,"Ahorro",Movimientos!$A$4:$A$500,">="&DATE($B$4,ROW()-20,1),Movimientos!$A$4:$A$500,"<="&EOMONTH(DATE($B$4,ROW()-20,1),0)) -> 390 | F24: =B24-C24-D24-E24 -> 866 | H24: Transporte | I24: =SUMIFS(Movimientos!$H$4:$H$500,Movimientos!$D$4:$D$500,H24,Movimientos!$A$4:$A$500,">="&DATE($B$4,1,1),Movimientos!$A$4:$A$500,"<="&DATE($B$4,12,31)) -> 194
A25: mayo | B25: =SUMIFS(Movimientos!$H$4:$H$500,Movimientos!$B$4:$B$500,"Ingreso",Movimientos!$A$4:$A$500,">="&DATE($B$4,ROW()-20,1),Movimientos!$A$4:$A$500,"<="&EOMONTH(DATE($B$4,ROW()-20,1),0)) -> 0 | C25: =SUMIFS(Movimientos!$H$4:$H$500,Movimientos!$C$4:$C$500,"Necesidad",Movimientos!$A$4:$A$500,">="&DATE($B$4,ROW()-20,1),Movimientos!$A$4:$A$500,"<="&EOMONTH(DATE($B$4,ROW()-20,1),0)) -> 0 | D25: =SUMIFS(Movimientos!$H$4:$H$500,Movimientos!$C$4:$C$500,"Deseo",Movimientos!$A$4:$A$500,">="&DATE($B$4,ROW()-20,1),Movimientos!$A$4:$A$500,"<="&EOMONTH(DATE($B$4,ROW()-20,1),0)) -> 0 | E25: =SUMIFS(Movimientos!$H$4:$H$500,Movimientos!$C$4:$C$500,"Ahorro",Movimientos!$A$4:$A$500,">="&DATE($B$4,ROW()-20,1),Movimientos!$A$4:$A$500,"<="&EOMONTH(DATE($B$4,ROW()-20,1),0)) -> 0 | F25: =B25-C25-D25-E25 -> 0 | H25: Salud | I25: =SUMIFS(Movimientos!$H$4:$H$500,Movimientos!$D$4:$D$500,H25,Movimientos!$A$4:$A$500,">="&DATE($B$4,1,1),Movimientos!$A$4:$A$500,"<="&DATE($B$4,12,31)) -> 163
A26: junio | B26: =SUMIFS(Movimientos!$H$4:$H$500,Movimientos!$B$4:$B$500,"Ingreso",Movimientos!$A$4:$A$500,">="&DATE($B$4,ROW()-20,1),Movimientos!$A$4:$A$500,"<="&EOMONTH(DATE($B$4,ROW()-20,1),0)) -> 0 | C26: =SUMIFS(Movimientos!$H$4:$H$500,Movimientos!$C$4:$C$500,"Necesidad",Movimientos!$A$4:$A$500,">="&DATE($B$4,ROW()-20,1),Movimientos!$A$4:$A$500,"<="&EOMONTH(DATE($B$4,ROW()-20,1),0)) -> 0 | D26: =SUMIFS(Movimientos!$H$4:$H$500,Movimientos!$C$4:$C$500,"Deseo",Movimientos!$A$4:$A$500,">="&DATE($B$4,ROW()-20,1),Movimientos!$A$4:$A$500,"<="&EOMONTH(DATE($B$4,ROW()-20,1),0)) -> 0 | E26: =SUMIFS(Movimientos!$H$4:$H$500,Movimientos!$C$4:$C$500,"Ahorro",Movimientos!$A$4:$A$500,">="&DATE($B$4,ROW()-20,1),Movimientos!$A$4:$A$500,"<="&EOMONTH(DATE($B$4,ROW()-20,1),0)) -> 0 | F26: =B26-C26-D26-E26 -> 0 | H26: Comunicaciones | I26: =SUMIFS(Movimientos!$H$4:$H$500,Movimientos!$D$4:$D$500,H26,Movimientos!$A$4:$A$500,">="&DATE($B$4,1,1),Movimientos!$A$4:$A$500,"<="&DATE($B$4,12,31)) -> 192
A27: julio | B27: =SUMIFS(Movimientos!$H$4:$H$500,Movimientos!$B$4:$B$500,"Ingreso",Movimientos!$A$4:$A$500,">="&DATE($B$4,ROW()-20,1),Movimientos!$A$4:$A$500,"<="&EOMONTH(DATE($B$4,ROW()-20,1),0)) -> 0 | C27: =SUMIFS(Movimientos!$H$4:$H$500,Movimientos!$C$4:$C$500,"Necesidad",Movimientos!$A$4:$A$500,">="&DATE($B$4,ROW()-20,1),Movimientos!$A$4:$A$500,"<="&EOMONTH(DATE($B$4,ROW()-20,1),0)) -> 0 | D27: =SUMIFS(Movimientos!$H$4:$H$500,Movimientos!$C$4:$C$500,"Deseo",Movimientos!$A$4:$A$500,">="&DATE($B$4,ROW()-20,1),Movimientos!$A$4:$A$500,"<="&EOMONTH(DATE($B$4,ROW()-20,1),0)) -> 0 | E27: =SUMIFS(Movimientos!$H$4:$H$500,Movimientos!$C$4:$C$500,"Ahorro",Movimientos!$A$4:$A$500,">="&DATE($B$4,ROW()-20,1),Movimientos!$A$4:$A$500,"<="&EOMONTH(DATE($B$4,ROW()-20,1),0)) -> 0 | F27: =B27-C27-D27-E27 -> 0 | H27: Hogar | I27: =SUMIFS(Movimientos!$H$4:$H$500,Movimientos!$D$4:$D$500,H27,Movimientos!$A$4:$A$500,">="&DATE($B$4,1,1),Movimientos!$A$4:$A$500,"<="&DATE($B$4,12,31)) -> 95
A28: agosto | B28: =SUMIFS(Movimientos!$H$4:$H$500,Movimientos!$B$4:$B$500,"Ingreso",Movimientos!$A$4:$A$500,">="&DATE($B$4,ROW()-20,1),Movimientos!$A$4:$A$500,"<="&EOMONTH(DATE($B$4,ROW()-20,1),0)) -> 0 | C28: =SUMIFS(Movimientos!$H$4:$H$500,Movimientos!$C$4:$C$500,"Necesidad",Movimientos!$A$4:$A$500,">="&DATE($B$4,ROW()-20,1),Movimientos!$A$4:$A$500,"<="&EOMONTH(DATE($B$4,ROW()-20,1),0)) -> 0 | D28: =SUMIFS(Movimientos!$H$4:$H$500,Movimientos!$C$4:$C$500,"Deseo",Movimientos!$A$4:$A$500,">="&DATE($B$4,ROW()-20,1),Movimientos!$A$4:$A$500,"<="&EOMONTH(DATE($B$4,ROW()-20,1),0)) -> 0 | E28: =SUMIFS(Movimientos!$H$4:$H$500,Movimientos!$C$4:$C$500,"Ahorro",Movimientos!$A$4:$A$500,">="&DATE($B$4,ROW()-20,1),Movimientos!$A$4:$A$500,"<="&EOMONTH(DATE($B$4,ROW()-20,1),0)) -> 0 | F28: =B28-C28-D28-E28 -> 0 | H28: Restauración | I28: =SUMIFS(Movimientos!$H$4:$H$500,Movimientos!$D$4:$D$500,H28,Movimientos!$A$4:$A$500,">="&DATE($B$4,1,1),Movimientos!$A$4:$A$500,"<="&DATE($B$4,12,31)) -> 137
A29: septiembre | B29: =SUMIFS(Movimientos!$H$4:$H$500,Movimientos!$B$4:$B$500,"Ingreso",Movimientos!$A$4:$A$500,">="&DATE($B$4,ROW()-20,1),Movimientos!$A$4:$A$500,"<="&EOMONTH(DATE($B$4,ROW()-20,1),0)) -> 0 | C29: =SUMIFS(Movimientos!$H$4:$H$500,Movimientos!$C$4:$C$500,"Necesidad",Movimientos!$A$4:$A$500,">="&DATE($B$4,ROW()-20,1),Movimientos!$A$4:$A$500,"<="&EOMONTH(DATE($B$4,ROW()-20,1),0)) -> 0 | D29: =SUMIFS(Movimientos!$H$4:$H$500,Movimientos!$C$4:$C$500,"Deseo",Movimientos!$A$4:$A$500,">="&DATE($B$4,ROW()-20,1),Movimientos!$A$4:$A$500,"<="&EOMONTH(DATE($B$4,ROW()-20,1),0)) -> 0 | E29: =SUMIFS(Movimientos!$H$4:$H$500,Movimientos!$C$4:$C$500,"Ahorro",Movimientos!$A$4:$A$500,">="&DATE($B$4,ROW()-20,1),Movimientos!$A$4:$A$500,"<="&EOMONTH(DATE($B$4,ROW()-20,1),0)) -> 0 | F29: =B29-C29-D29-E29 -> 0 | H29: Cultura | I29: =SUMIFS(Movimientos!$H$4:$H$500,Movimientos!$D$4:$D$500,H29,Movimientos!$A$4:$A$500,">="&DATE($B$4,1,1),Movimientos!$A$4:$A$500,"<="&DATE($B$4,12,31)) -> 120
A30: octubre | B30: =SUMIFS(Movimientos!$H$4:$H$500,Movimientos!$B$4:$B$500,"Ingreso",Movimientos!$A$4:$A$500,">="&DATE($B$4,ROW()-20,1),Movimientos!$A$4:$A$500,"<="&EOMONTH(DATE($B$4,ROW()-20,1),0)) -> 0 | C30: =SUMIFS(Movimientos!$H$4:$H$500,Movimientos!$C$4:$C$500,"Necesidad",Movimientos!$A$4:$A$500,">="&DATE($B$4,ROW()-20,1),Movimientos!$A$4:$A$500,"<="&EOMONTH(DATE($B$4,ROW()-20,1),0)) -> 0 | D30: =SUMIFS(Movimientos!$H$4:$H$500,Movimientos!$C$4:$C$500,"Deseo",Movimientos!$A$4:$A$500,">="&DATE($B$4,ROW()-20,1),Movimientos!$A$4:$A$500,"<="&EOMONTH(DATE($B$4,ROW()-20,1),0)) -> 0 | E30: =SUMIFS(Movimientos!$H$4:$H$500,Movimientos!$C$4:$C$500,"Ahorro",Movimientos!$A$4:$A$500,">="&DATE($B$4,ROW()-20,1),Movimientos!$A$4:$A$500,"<="&EOMONTH(DATE($B$4,ROW()-20,1),0)) -> 0 | F30: =B30-C30-D30-E30 -> 0 | H30: Ocio / Deporte | I30: =SUMIFS(Movimientos!$H$4:$H$500,Movimientos!$D$4:$D$500,H30,Movimientos!$A$4:$A$500,">="&DATE($B$4,1,1),Movimientos!$A$4:$A$500,"<="&DATE($B$4,12,31)) -> 170
A31: noviembre | B31: =SUMIFS(Movimientos!$H$4:$H$500,Movimientos!$B$4:$B$500,"Ingreso",Movimientos!$A$4:$A$500,">="&DATE($B$4,ROW()-20,1),Movimientos!$A$4:$A$500,"<="&EOMONTH(DATE($B$4,ROW()-20,1),0)) -> 0 | C31: =SUMIFS(Movimientos!$H$4:$H$500,Movimientos!$C$4:$C$500,"Necesidad",Movimientos!$A$4:$A$500,">="&DATE($B$4,ROW()-20,1),Movimientos!$A$4:$A$500,"<="&EOMONTH(DATE($B$4,ROW()-20,1),0)) -> 0 | D31: =SUMIFS(Movimientos!$H$4:$H$500,Movimientos!$C$4:$C$500,"Deseo",Movimientos!$A$4:$A$500,">="&DATE($B$4,ROW()-20,1),Movimientos!$A$4:$A$500,"<="&EOMONTH(DATE($B$4,ROW()-20,1),0)) -> 0 | E31: =SUMIFS(Movimientos!$H$4:$H$500,Movimientos!$C$4:$C$500,"Ahorro",Movimientos!$A$4:$A$500,">="&DATE($B$4,ROW()-20,1),Movimientos!$A$4:$A$500,"<="&EOMONTH(DATE($B$4,ROW()-20,1),0)) -> 0 | F31: =B31-C31-D31-E31 -> 0 | H31: Compras personales | I31: =SUMIFS(Movimientos!$H$4:$H$500,Movimientos!$D$4:$D$500,H31,Movimientos!$A$4:$A$500,">="&DATE($B$4,1,1),Movimientos!$A$4:$A$500,"<="&DATE($B$4,12,31)) -> 255
A32: diciembre | B32: =SUMIFS(Movimientos!$H$4:$H$500,Movimientos!$B$4:$B$500,"Ingreso",Movimientos!$A$4:$A$500,">="&DATE($B$4,ROW()-20,1),Movimientos!$A$4:$A$500,"<="&EOMONTH(DATE($B$4,ROW()-20,1),0)) -> 0 | C32: =SUMIFS(Movimientos!$H$4:$H$500,Movimientos!$C$4:$C$500,"Necesidad",Movimientos!$A$4:$A$500,">="&DATE($B$4,ROW()-20,1),Movimientos!$A$4:$A$500,"<="&EOMONTH(DATE($B$4,ROW()-20,1),0)) -> 0 | D32: =SUMIFS(Movimientos!$H$4:$H$500,Movimientos!$C$4:$C$500,"Deseo",Movimientos!$A$4:$A$500,">="&DATE($B$4,ROW()-20,1),Movimientos!$A$4:$A$500,"<="&EOMONTH(DATE($B$4,ROW()-20,1),0)) -> 0 | E32: =SUMIFS(Movimientos!$H$4:$H$500,Movimientos!$C$4:$C$500,"Ahorro",Movimientos!$A$4:$A$500,">="&DATE($B$4,ROW()-20,1),Movimientos!$A$4:$A$500,"<="&EOMONTH(DATE($B$4,ROW()-20,1),0)) -> 0 | F32: =B32-C32-D32-E32 -> 0 | H32: Fondo de emergencia | I32: =SUMIFS(Movimientos!$H$4:$H$500,Movimientos!$D$4:$D$500,H32,Movimientos!$A$4:$A$500,">="&DATE($B$4,1,1),Movimientos!$A$4:$A$500,"<="&DATE($B$4,12,31)) -> 720
H33: Inversión indexada | I33: =SUMIFS(Movimientos!$H$4:$H$500,Movimientos!$D$4:$D$500,H33,Movimientos!$A$4:$A$500,">="&DATE($B$4,1,1),Movimientos!$A$4:$A$500,"<="&DATE($B$4,12,31)) -> 560
H34: Meta viaje | I34: =SUMIFS(Movimientos!$H$4:$H$500,Movimientos!$D$4:$D$500,H34,Movimientos!$A$4:$A$500,">="&DATE($B$4,1,1),Movimientos!$A$4:$A$500,"<="&DATE($B$4,12,31)) -> 270

Sheet Movimientos
A1: Movimientos
A2: Registra aquí ingresos, gastos y aportaciones al ahorro. Los importes se escriben siempre en positivo.
A3: Fecha | B3: Tipo | C3: Grupo | D3: Categoría | E3: Subcategoría | F3: Cuenta | G3: Medio | H3: Importe | I3: Descripción | J3: Fijo / Variable
A4: 46025 | B4: Ingreso | C4: Ingreso | D4: Nómina principal | E4: Salario enero | F4: Cuenta corriente | G4: Transferencia | H4: 2380 | I4: Nómina estudio de arquitectura | J4: Fijo
A5: 46028 | B5: Ingreso | C5: Ingreso | D5: Proyectos puntuales | E5: Ilustración editorial | F5: Cuenta corriente | G5: Transferencia | H5: 260 | I5: Proyecto puntual revista local | J5: Variable
A6: 46029 | B6: Ingreso | C6: Ingreso | D6: Reembolso / Intereses | E6: Intereses cuenta | F6: Cuenta corriente | G6: Transferencia | H6: 6 | I6: Intereses trimestrales | J6: Variable
A7: 46027 | B7: Gasto | C7: Necesidad | D7: Vivienda | E7: Alquiler | F7: Cuenta corriente | G7: Transferencia | H7: 890 | I7: Alquiler piso | J7: Fijo
A8: 46032 | B8: Gasto | C8: Necesidad | D8: Suministros | E8: Electricidad | F8: Cuenta corriente | G8: Domiciliado | H8: 61 | I8: Factura luz | J8: Variable
A9: 46034 | B9: Gasto | C9: Necesidad | D9: Suministros | E9: Agua | F9: Cuenta corriente | G9: Domiciliado | H9: 21 | I9: Factura agua | J9: Variable
A10: 46030 | B10: Gasto | C10: Necesidad | D10: Comunicaciones | E10: Internet fibra | F10: Cuenta corriente | G10: Domiciliado | H10: 33 | I10: Internet hogar | J10: Fijo
A11: 46031 | B11: Gasto | C11: Necesidad | D11: Comunicaciones | E11: Móvil | F11: Tarjeta débito | G11: Tarjeta | H11: 15 | I11: Línea móvil | J11: Fijo
A12: 46036 | B12: Gasto | C12: Necesidad | D12: Alimentación | E12: Supermercado semanal | F12: Tarjeta débito | G12: Tarjeta | H12: 148 | I12: Compra supermercado | J12: Variable
A13: 46045 | B13: Gasto | C13: Necesidad | D13: Alimentación | E13: Mercado de barrio | F13: Tarjeta débito | G13: Tarjeta | H13: 117 | I13: Fruta y frescos | J13: Variable
A14: 46033 | B14: Gasto | C14: Necesidad | D14: Transporte | E14: Abono transporte | F14: Tarjeta débito | G14: Tarjeta | H14: 41 | I14: Abono metro-bus | J14: Fijo
A15: 46043 | B15: Gasto | C15: Necesidad | D15: Transporte | E15: Mantenimiento bicicleta | F15: Tarjeta débito | G15: Tarjeta | H15: 18 | I15: Revisión frenos | J15: Variable
... A84: 46140 | B84: Gasto | C84: Ahorro | D84: Meta viaje | E84: Sobre Lisboa | F84: Cuenta ahorro | G84: Transferencia | H84: 70 | I84: Reserva viaje otoño | J84: Variable

Sheet Presupuesto
A1: Presupuesto mensual
A2: Compara el presupuesto del mes con los movimientos reales.
A4: Año | B4: =Configuracion!B5 -> 2026
A5: Mes | B5: =Configuracion!B6 -> abril
A8: Grupo | B8: Categoría | C8: Presupuesto mensual | D8: Real mes | E8: Desviación | F8: % ejecución | H8: Grupo | I8: Presupuesto | J8: Real | K8: % s/ ingresos | L8: Objetivo
A9: Ingreso | B9: Nómina principal | C9: 2350 | D9: =SUMIFS(Movimientos!$H$4:$H$500,Movimientos!$C$4:$C$500,$A9,Movimientos!$D$4:$D$500,$B9,Movimientos!$A$4:$A$500,">="&DATE($B$4,MATCH($B$5,Configuracion!$H$2:$H$13,0),1),Movimientos!$A$4:$A$500,"<="&EOMONTH(DATE($B$4,MATCH($B$5,Configuracion!$H$2:$H$13,0),1),0)) -> 2405 | E9: =D9-C9 -> 55 | F9: =IF(C9=0,"",D9/C9) -> 1.0234043 | H9: Necesidad | I9: =SUMIF($A$9:$A$25,H9,$C$9:$C$25) -> 1523 | J9: =SUMIF($A$9:$A$25,H9,$D$9:$D$25) -> 1440 | K9: =IF($J$13=0,"",J9/$J$13) -> 0.50121824 | L9: =IF(H9="Necesidad",Configuracion!$B$7,IF(H9="Deseo",Configuracion!$B$8,Configuracion!$B$9)) -> 0.5
A10: Ingreso | B10: Proyectos puntuales | C10: 250 | D10: =SUMIFS(Movimientos!$H$4:$H$500,Movimientos!$C$4:$C$500,$A10,Movimientos!$D$4:$D$500,$B10,Movimientos!$A$4:$A$500,">="&DATE($B$4,MATCH($B$5,Configuracion!$H$2:$H$13,0),1),Movimientos!$A$4:$A$500,"<="&EOMONTH(DATE($B$4,MATCH($B$5,Configuracion!$H$2:$H$13,0),1),0)) -> 410 | E10: =D10-C10 -> 160 | F10: =IF(C10=0,"",D10/C10) -> 1.64 | H10: Deseo | I10: =SUMIF($A$9:$A$25,H10,$C$9:$C$25) -> 260 | J10: =SUMIF($A$9:$A$25,H10,$D$9:$D$25) -> 177 | K10: =IF($J$13=0,"",J10/$J$13) -> 0.061608075 | L10: =IF(H10="Necesidad",Configuracion!$B$7,IF(H10="Deseo",Configuracion!$B$8,Configuracion!$B$9)) -> 0.3
A11: Ingreso | B11: Reembolso / Intereses | C11: 20 | D11: =SUMIFS(Movimientos!$H$4:$H$500,Movimientos!$C$4:$C$500,$A11,Movimientos!$D$4:$D$500,$B11,Movimientos!$A$4:$A$500,">="&DATE($B$4,MATCH($B$5,Configuracion!$H$2:$H$13,0),1),Movimientos!$A$4:$A$500,"<="&EOMONTH(DATE($B$4,MATCH($B$5,Configuracion!$H$2:$H$13,0),1),0)) -> 58 | E11: =D11-C11 -> 38 | F11: =IF(C11=0,"",D11/C11) -> 2.9 | H11: Ahorro | I11: =SUMIF($A$9:$A$25,H11,$C$9:$C$25) -> 380 | J11: =SUMIF($A$9:$A$25,H11,$D$9:$D$25) -> 390 | K11: =IF($J$13=0,"",J11/$J$13) -> 0.13574661 | L11: =IF(H11="Necesidad",Configuracion!$B$7,IF(H11="Deseo",Configuracion!$B$8,Configuracion!$B$9)) -> 0.2
A12: Necesidad | B12: Vivienda | C12: 890 | D12: =SUMIFS(Movimientos!$H$4:$H$500,Movimientos!$C$4:$C$500,$A12,Movimientos!$D$4:$D$500,$B12,Movimientos!$A$4:$A$500,">="&DATE($B$4,MATCH($B$5,Configuracion!$H$2:$H$13,0),1),Movimientos!$A$4:$A$500,"<="&EOMONTH(DATE($B$4,MATCH($B$5,Configuracion!$H$2:$H$13,0),1),0)) -> 890 | E12: =D12-C12 -> 0 | F12: =IF(C12=0,"",D12/C12) -> 1
A13: Necesidad | B13: Suministros | C13: 120 | D13: =SUMIFS(Movimientos!$H$4:$H$500,Movimientos!$C$4:$C$500,$A13,Movimientos!$D$4:$D$500,$B13,Movimientos!$A$4:$A$500,">="&DATE($B$4,MATCH($B$5,Configuracion!$H$2:$H$13,0),1),Movimientos!$A$4:$A$500,"<="&EOMONTH(DATE($B$4,MATCH($B$5,Configuracion!$H$2:$H$13,0),1),0)) -> 83 | E13: =D13-C13 -> -37 | F13: =IF(C13=0,"",D13/C13) -> 0.69166667 | H13: Ingresos reales | J13: =SUMIF($A$9:$A$25,"Ingreso",$D$9:$D$25) -> 2873
A14: Necesidad | B14: Alimentación | C14: 330 | D14: =SUMIFS(Movimientos!$H$4:$H$500,Movimientos!$C$4:$C$500,$A14,Movimientos!$D$4:$D$500,$B14,Movimientos!$A$4:$A$500,">="&DATE($B$4,MATCH($B$5,Configuracion!$H$2:$H$13,0),1),Movimientos!$A$4:$A$500,"<="&EOMONTH(DATE($B$4,MATCH($B$5,Configuracion!$H$2:$H$13,0),1),0)) -> 267 | E14: =D14-C14 -> -63 | F14: =IF(C14=0,"",D14/C14) -> 0.80909091
A15: Necesidad | B15: Transporte | C15: 60 | D15: =SUMIFS(Movimientos!$H$4:$H$500,Movimientos!$C$4:$C$500,$A15,Movimientos!$D$4:$D$500,$B15,Movimientos!$A$4:$A$500,">="&DATE($B$4,MATCH($B$5,Configuracion!$H$2:$H$13,0),1),Movimientos!$A$4:$A$500,"<="&EOMONTH(DATE($B$4,MATCH($B$5,Configuracion!$H$2:$H$13,0),1),0)) -> 41 | E15: =D15-C15 -> -19 | F15: =IF(C15=0,"",D15/C15) -> 0.68333333
A16: Necesidad | B16: Salud | C16: 40 | D16: =SUMIFS(Movimientos!$H$4:$H$500,Movimientos!$C$4:$C$500,$A16,Movimientos!$D$4:$D$500,$B16,Movimientos!$A$4:$A$500,">="&DATE($B$4,MATCH($B$5,Configuracion!$H$2:$H$13,0),1),Movimientos!$A$4:$A$500,"<="&EOMONTH(DATE($B$4,MATCH($B$5,Configuracion!$H$2:$H$13,0),1),0)) -> 85 | E16: =D16-C16 -> 45 | F16: =IF(C16=0,"",D16/C16) -> 2.125
A17: Necesidad | B17: Comunicaciones | C17: 48 | D17: =SUMIFS(Movimientos!$H$4:$H$500,Movimientos!$C$4:$C$500,$A17,Movimientos!$D$4:$D$500,$B17,Movimientos!$A$4:$A$500,">="&DATE($B$4,MATCH($B$5,Configuracion!$H$2:$H$13,0),1),Movimientos!$A$4:$A$500,"<="&EOMONTH(DATE($B$4,MATCH($B$5,Configuracion!$H$2:$H$13,0),1),0)) -> 48 | E17: =D17-C17 -> 0 | F17: =IF(C17=0,"",D17/C17) -> 1
A18: Necesidad | B18: Hogar | C18: 35 | D18: =SUMIFS(Movimientos!$H$4:$H$500,Movimientos!$C$4:$C$500,$A18,Movimientos!$D$4:$D$500,$B18,Movimientos!$A$4:$A$500,">="&DATE($B$4,MATCH($B$5,Configuracion!$H$2:$H$13,0),1),Movimientos!$A$4:$A$500,"<="&EOMONTH(DATE($B$4,MATCH($B$5,Configuracion!$H$2:$H$13,0),1),0)) -> 26 | E18: =D18-C18 -> -9 | F18: =IF(C18=0,"",D18/C18) -> 0.74285714
A19: Deseo | B19: Restauración | C19: 90 | D19: =SUMIFS(Movimientos!$H$4:$H$500,Movimientos!$C$4:$C$500,$A19,Movimientos!$D$4:$D$500,$B19,Movimientos!$A$4:$A$500,">="&DATE($B$4,MATCH($B$5,Configuracion!$H$2:$H$13,0),1),Movimientos!$A$4:$A$500,"<="&EOMONTH(DATE($B$4,MATCH($B$5,Configuracion!$H$2:$H$13,0),1),0)) -> 42 | E19: =D19-C19 -> -48 | F19: =IF(C19=0,"",D19/C19) -> 0.46666667
A20: Deseo | B20: Cultura | C20: 45 | D20: =SUMIFS(Movimientos!$H$4:$H$500,Movimientos!$C$4:$C$500,$A20,Movimientos!$D$4:$D$500,$B20,Movimientos!$A$4:$A$500,">="&DATE($B$4,MATCH($B$5,Configuracion!$H$2:$H$13,0),1),Movimientos!$A$4:$A$500,"<="&EOMONTH(DATE($B$4,MATCH($B$5,Configuracion!$H$2:$H$13,0),1),0)) -> 19 | E20: =D20-C20 -> -26 | F20: =IF(C20=0,"",D20/C20) -> 0.42222222
A21: Deseo | B21: Ocio / Deporte | C21: 55 | D21: =SUMIFS(Movimientos!$H$4:$H$500,Movimientos!$C$4:$C$500,$A21,Movimientos!$D$4:$D$500,$B21,Movimientos!$A$4:$A$500,">="&DATE($B$4,MATCH($B$5,Configuracion!$H$2:$H$13,0),1),Movimientos!$A$4:$A$500,"<="&EOMONTH(DATE($B$4,MATCH($B$5,Configuracion!$H$2:$H$13,0),1),0)) -> 48 | E21: =D21-C21 -> -7 | F21: =IF(C21=0,"",D21/C21) -> 0.87272727
A22: Deseo | B22: Compras personales | C22: 70 | D22: =SUMIFS(Movimientos!$H$4:$H$500,Movimientos!$C$4:$C$500,$A22,Movimientos!$D$4:$D$500,$B22,Movimientos!$A$4:$A$500,">="&DATE($B$4,MATCH($B$5,Configuracion!$H$2:$H$13,0),1),Movimientos!$A$4:$A$500,"<="&EOMONTH(DATE($B$4,MATCH($B$5,Configuracion!$H$2:$H$13,0),1),0)) -> 68 | E22: =D22-C22 -> -2 | F22: =IF(C22=0,"",D22/C22) -> 0.97142857
A23: Ahorro | B23: Fondo de emergencia | C23: 180 | D23: =SUMIFS(Movimientos!$H$4:$H$500,Movimientos!$C$4:$C$500,$A23,Movimientos!$D$4:$D$500,$B23,Movimientos!$A$4:$A$500,">="&DATE($B$4,MATCH($B$5,Configuracion!$H$2:$H$13,0),1),Movimientos!$A$4:$A$500,"<="&EOMONTH(DATE($B$4,MATCH($B$5,Configuracion!$H$2:$H$13,0),1),0)) -> 180 | E23: =D23-C23 -> 0 | F23: =IF(C23=0,"",D23/C23) -> 1
A24: Ahorro | B24: Inversión indexada | C24: 140 | D24: =SUMIFS(Movimientos!$H$4:$H$500,Movimientos!$C$4:$C$500,$A24,Movimientos!$D$4:$D$500,$B24,Movimientos!$A$4:$A$500,">="&DATE($B$4,MATCH($B$5,Configuracion!$H$2:$H$13,0),1),Movimientos!$A$4:$A$500,"<="&EOMONTH(DATE($B$4,MATCH($B$5,Configuracion!$H$2:$H$13,0),1),0)) -> 140 | E24: =D24-C24 -> 0 | F24: =IF(C24=0,"",D24/C24) -> 1
A25: Ahorro | B25: Meta viaje | C25: 60 | D25: =SUMIFS(Movimientos!$H$4:$H$500,Movimientos!$C$4:$C$500,$A25,Movimientos!$D$4:$D$500,$B25,Movimientos!$A$4:$A$500,">="&DATE($B$4,MATCH($B$5,Configuracion!$H$2:$H$13,0),1),Movimientos!$A$4:$A$500,"<="&EOMONTH(DATE($B$4,MATCH($B$5,Configuracion!$H$2:$H$13,0),1),0)) -> 70 | E25: =D25-C25 -> 10 | F25: =IF(C25=0,"",D25/C25) -> 1.1666667
A26: TOTAL | C26: =SUM(C9:C25) -> 4783 | D26: =SUM(D9:D25) -> 4880 | E26: =SUM(E9:E25) -> 97 | F26: =IF(C26=0,"",D26/C26) -> 1.0202802

Sheet Configuracion
A1: Configuración
A2: Edita primero las celdas azules; el resto se actualiza automáticamente. | H2: enero
H3: febrero
A4: Controles | D4: Tipos | E4: Grupos | F4: Cuentas | G4: Medios | H4: marzo | J4: Mapa categorías
A5: Año de análisis | B5: 2026 | C5: Mes nº | D5: Ingreso | E5: Ingreso | F5: Cuenta corriente | G5: Transferencia | H5: abril | J5: Grupo | K5: Categoría | L5: Subcategoría sugerida
A6: Mes analizado | B6: abril | C6: =MATCH(B6,$H$2:$H$13,0) -> 4 | D6: Gasto | E6: Necesidad | F6: Tarjeta débito | G6: Domiciliado | H6: mayo | J6: Ingreso | K6: Nómina principal | L6: Salarios y nóminas
A7: Objetivo necesidades | B7: 0.5 | C7: Chequeo 50/30/20 | E7: Deseo | F7: Tarjeta crédito | G7: Tarjeta | H7: junio | J7: Ingreso | K7: Proyectos puntuales | L7: Trabajos puntuales
A8: Objetivo deseos | B8: 0.3 | C8: =SUM(B7:B9) -> 1 | E8: Ahorro | F8: Cuenta ahorro | G8: Bizum | H8: julio | J8: Ingreso | K8: Reembolso / Intereses | L8: Ingresos menores
A9: Objetivo ahorro | B9: 0.2 | C9: Estado | G9: Efectivo | H9: agosto | J9: Necesidad | K9: Vivienda | L9: Alquiler e hipoteca
A10: Fondo emergencia objetivo | B10: 6000 | C10: =IF(ABS(C8-1)<0.0001,"OK","Revisar") -> OK | H10: septiembre | J10: Necesidad | K10: Suministros | L10: Luz, agua, gas
H11: octubre | J11: Necesidad | K11: Alimentación | L11: Supermercado y mercado
H12: noviembre | J12: Necesidad | K12: Transporte | L12: Abono y movilidad
H13: diciembre | J13: Necesidad | K13: Salud | L13: Farmacia y revisiones
J14: Necesidad | K14: Comunicaciones | L14: Internet y móvil
J15: Necesidad | K15: Hogar | L15: Mantenimiento y limpieza
J16: Deseo | K16: Restauración | L16: Bares y restaurantes
J17: Deseo | K17: Cultura | L17: Libros, cine, talleres
J18: Deseo | K18: Ocio / Deporte | L18: Deporte y escapadas
J19: Deseo | K19: Compras personales | L19: Ropa y accesorios
J20: Ahorro | K20: Fondo de emergencia | L20: Colchón de seguridad
J21: Ahorro | K21: Inversión indexada | L21: Cartera a largo plazo
J22: Ahorro | K22: Meta viaje | L22: Objetivo viaje
